 Seeded DCSS version 0.26.0-7-g794d0892b4 (webtiles) character file.

Game seed: 20210111 (custom seed)

512 petra the Slasher (level 6, -7/55 HPs)
             Began as a Draconian Berserker on Jan 11, 2021.
             Was a Believer of Trog.
             Killed by nerve-wracking pain
             ... invoked by an orc priest
              (13 damage)
             ... on level 5 of the Dungeon.
             The game lasted 00:13:29 (5019 turns).

petra the Slasher (Draconian Berserker)             Turns: 5019, Time: 00:13:30

Health: -7/55      AC:  6    Str: 21    XL:     6   Next: 99%
Magic:  6/6        EV: 13    Int:  7    God:    Trog [**....]
Gold:   152        SH:  0    Dex: 11    Spells: 5/5 levels left

rFire    + . .     SeeInvis .   q - +0 quarterstaff
rCold    + . .     Faith    .   (shield currently unavailable)
rNeg     . . .     Spirit   .   (armour unavailable)
rPois    +         Reflect  .   (helmet restricted)
rElec    .         Harm     .   b - scarf {rC+ rF+}
rCorr    .         Rampage  .   (no gloves)
Will     .....                  (no boots)
Stlth    ++........             (no amulet)
HPRegen  0.18/turn              k - ring of poison resistance
MPRegen  0.10/turn              (no ring)

@: no status effects
A: unfitting armour, cold-blooded, AC +6
a: Renounce Religion, Berserk, Trog's Hand


You were on level 5 of the Dungeon.
You worshipped Trog.
Trog was pleased with you.
You visited 1 branch of the dungeon, and saw 5 of its levels.

You collected 152 gold pieces.

Inventory:

Hand Weapons
 a - a +0 falchion
 f - a +0 spear
 n - a +0 dagger of venom
 o - a +0 trident
 q - a +0 quarterstaff (weapon)
 r - a +0 broad axe
Missiles
 g - 78 stones
Armour
 b - a scarf of resistance (worn)
Jewellery
 k - a ring of poison resistance (left hand)
Wands
 w - a wand of flame (22)
Scrolls
 d - 2 scrolls of remove curse {unknown}
 e - 2 scrolls of teleportation
 h - a scroll of fear {unknown}
 i - a scroll of blinking {unknown}
 j - 3 scrolls of magic mapping {unknown}
 m - 4 scrolls of identify {unknown}
 s - a scroll of random uselessness {unknown}
 u - a scroll of vulnerability {unknown}
 v - a scroll of fog {unknown}
Potions
 c - 2 potions of heal wounds {unknown}
 l - 2 potions of brilliance {unknown}
 p - a potion of haste {unknown}
 t - a potion of resistance {unknown}


   Skills:
 + Level 4.8 Fighting
 + Level 5.5 Long Blades
 + Level 1.7 Staves
 + Level 4.3 Dodging
 + Level 1.5 Stealth


You had 5 spell levels left.
You didn't know any spells.
Your spell library was empty.

Dungeon Overview and Level Annotations

Branches:
Dungeon (5/15)
 Temple: D:4-7

Altars:
Nemelex Xobeh
Sif Muna
Wu Jian
Yredelemnul

Annotations:
D:2 1 runed translucent door, Crazy Yiuf
D:5 1 transporter


Innate Abilities, Weirdness & Mutations

Your plain brown scales are hard. (AC +6)
You cannot fit into any form of body armour.
You are cold-blooded and may be slowed by cold attacks.


Message History

Why would you want to do that? Why would you want to do that?
The orc priest looks satisfied for a moment.
You enter the shallow water.
Moving in this stuff is going to be slow.
The shadow imp gestures at you. Pain shoots through your body!
The shadow imp gestures at you. Pain shoots through your body!
The orc priest calls down the wrath of Beogh upon you.
Beogh smites you!
* * * LOW HITPOINT WARNING * * *
The orc priest begins to cast a cantrip, but forgets the words!
You see here a scroll labelled ZUUMUE ITAE.
The orc priest miscasts a cantrip.
The shadow imp sputters.
You open the door.
The orc priest calls down the wrath of Beogh upon you.
Pain shoots through your body!
You die...

..................
#.##..... .......
#######....########....
#.................#....
#.###############.#....
#.#8≈#o5..o..#P8#.#.###
.#.#P.#≈≈≈≈≈≈≈#.P#.#.# #
...#$.#.?≈≈≈..#..#...# #
#..©#©$'@.≈⌠≈..'.©#©..###
#...#$.#..≈≈≈..#..#......
#...#P.#≈≈≈≈≈≈≈#.P#......
#...#8P#5.5..".#P8#..#...
...###############..#...
....................#...
....................#...
###.#.#.#.###.#....##...
.. #. #.#....##.##


You could see 2 orc priests and 3 shadow imps.

Vanquished Creatures
  An ogre (D:4)
  Blork the orc (D:4)
  A bullfrog (D:2)
  A scorpion (D:5)
  Natasha (twice) (D:2)
  An iguana (D:4)
  A worker ant (D:4)
  Robin (D:2)
  A howler monkey skeleton (D:4)
  3 gnolls (D:2)
  3 adders
  2 worms
  A dart slug (D:1)
  2 leopard geckos
  An orc (D:4)
  5 bats
  5 giant cockroaches
  12 goblins
  13 hobgoblins
  2 jackals (D:4)
  6 kobolds
  A ball python (D:1)
  3 frilled lizards
  A quokka skeleton (D:4)
  7 rats
77 creatures vanquished.

Vanquished Creatures (others)
  A fungus (D:2)
1 creature vanquished.

Grand Total: 78 creatures vanquished

Notes
Turn   | Place    | Note
-------+----------+-------------------------------------------
     0 | D:1      | petra the Draconian Berserker began the quest for the Orb.
     0 | D:1      | Reached XP level 1. HP: 19/19 MP: 1/1
   118 | D:1      | Reached XP level 2. HP: 22/26 MP: 2/2
   921 | D:1      | Reached ** piety under Trog
   924 | D:1      | Reached XP level 3. HP: 33/33 MP: 3/3
  1155 | D:2      | Reached skill level 4 in Long Blades
  1155 | D:2      | Reached XP level 4. HP: 20/40 MP: 4/4
  1426 | D:2      | Found an ornate altar of the Wu Jian Council.
  1438 | D:2      | Found a basalt altar of Yredelemnul.
  1441 | D:2      | Found a shimmering blue altar of Sif Muna.
  1442 | D:2      | Found a sparkling altar of Nemelex Xobeh.
  1460 | D:2      | Noticed a bullfrog
  1467 | D:2      | Killed a bullfrog
  1664 | D:2      | Reached XP level 5. HP: 46/46 MP: 5/5
  1724 | D:2      | Found a runed translucent door.
  1725 | D:2      | Noticed Crazy Yiuf
  1765 | D:2      | Noticed Robin
  1787 | D:2      | Killed Robin
  2221 | D:2      | Noticed Natasha
  2236 | D:2      | Killed Natasha
  2527 | D:2      | Noticed Natasha
  2541 | D:2      | Killed Natasha
  2813 | D:3      | You fall into a shaft and drop 1 floor!
  2834 | D:4      | Reached skill level 5 in Long Blades
  3114 | D:4      | Noticed Blork the orc
  3143 | D:4      | Killed Blork the orc
  3144 | D:4      | Reached skill level 1 in Stealth
  3144 | D:4      | Reached XP level 6. HP: 53/53 MP: 6/6
  3688 | D:4      | Reached skill level 1 in Staves
  4438 | D:5      | Entered Level 5 of the Dungeon
  4889 | D:5      | Found a transporter.
  4909 | D:5      | Found a transporter.
  5019 | D:5      | Killed from afar by an orc priest

Illustrated notes

Levels and vault maps discovered:
D:1:      lightli_arrival_quake, layout_basic, minmay_tree_intersection
D:2:      layout_loops_ring, minitemple, uniq_robin, uniq_natasha,
          uniq_crazy_yiuf_cottage
D:3:      layout_basic
D:4:      layout_basic, uniq_blork_the_orc
D:5:      gammafunk_wand_slinger, layout_basic, serial_shops,
          kennysheep_little_box, minivault_25, kennysheep_generic_room_14,
          uniq_menkaure

Skill      XL: |  1  2  3  4  5  6 |
---------------+-------------------+-----
Dodging        | 3 4 |  4.3
Fighting       | 4 |  4.8
Long Blades    | 4 5 |  5.5
Stealth        | 1 |  1.5
Staves         | 1 |  1.7

Action                   |  1- 3 |  4- 6 || total
-------------------------+-------+-------++-------
Melee: Falchion          |    75 |   117 ||   192
       Tailslap          |     9 |    32 ||    41
       Quarterstaff      |       |    63 ||    63
Invok: Berserk           |       |     2 ||     2
       Trog's Hand       |       |     2 ||     2
  Use: Scroll            |       |     1 ||     1
       Potion            |       |     2 ||     2
Armor: Skin              |    22 |    40 ||    62
Dodge: Dodged            |    58 |   114 ||   172
       Rpst.: Falchion   |    18 |    26 ||    44
